 Dungeon Crawl Stone Soup version 0.28.0-43-g3370ac3207 (webtiles) character file.

Game seed: 16446943822145028525

1024 issech the Cudgeller (level 8, 0/78 HPs)
             Began as a Troll Monk on Mar 23, 2022.
             Slain by a scorpion (8 damage)
             ... on level 5 of the Dungeon.
             The game lasted 00:16:16 (3977 turns).

issech the Cudgeller (Troll Monk)                   Turns: 3977, Time: 00:16:17

Health: 0/78       AC:  4    Str: 20    XL:     8   Next: 2%
Magic:  7/7        EV: 11    Int:  6    God:
Gold:   145        SH:  0    Dex: 14    Spells: 7/7 levels left

rFire   + . .      SeeInvis .   u - +0 giant spiked club
rCold   + + .      Faith    .   (shield currently unavailable)
rNeg    . . .      Spirit   .   b - +0 robe
rPois   .          Reflect  .   (helmet restricted)
rElec   .          Harm     .   B - scarf {rC+ rF+}
rCorr   .          Rampage  .   (gloves unavailable)
Will    .....                   (boots unavailable)
Stlth   ++........              (no amulet)
HPRegen 1.03/turn               y - ring of protection from cold
MPRegen 0.10/turn               (no ring)

@: no status effects
A: large, unfitting armour, claws 3, regeneration 1, shaggy fur 1, tough skin 1
a: no special abilities


You were on level 5 of the Dungeon.
You visited 1 branch of the dungeon, and saw 5 of its levels.

You collected 145 gold pieces.

Inventory:

Hand Weapons
 a - a +0 mace
 d - a +0 flail
 e - a +2 dagger of pain
 p - a +4 short sword
 q - a +0 flail
 t - a +0 giant club
 u - a +0 giant spiked club (weapon)
 z - a +1 scythe of freezing
Missiles
 f - 12 bolts
 g - 69 sling bullets
 k - 91 arrows
 l - 74 stones (quivered)
 w - 3 javelins
Armour
 b - a +0 robe (worn)
 B - a scarf of resistance (worn)
Jewellery
 y - a ring of protection from cold (left claw)
Wands
 x - a wand of flame (3)
Scrolls
 h - a scroll of teleportation
 o - a scroll of enchant armour
 r - a scroll of vulnerability
 s - 2 scrolls of noise
 A - a scroll of fog
Potions
 i - a potion of curing
 j - a potion of ambrosia
 m - a potion of flight
 n - a potion of might {unknown}
 v - a potion of resistance {unknown}


   Skills:
 + Level 4.1 Fighting
 + Level 6.8 Maces & Flails
 + Level 4.3 Dodging
 + Level 1.5 Stealth


You had 7 spell levels left.
You didn't know any spells.
Your spell library contained the following spells:

 Spells                   Type           Power      Damage    Failure   Level
 Magic Dart               Conj           0%         1d3       45%         1
 Call Imp                 Summ           0%         N/A       58%         2
 Mephitic Cloud           Conj/Pois/Air  0%         N/A       83%         3
 Ozocubu's Armour         Ice            0%         N/A       83%         3
 Metabolic Englaciation   Hex/Ice        0%         N/A       100%        5
 Simulacrum               Ice/Necr       0%         N/A       100%        6


Dungeon Overview and Level Annotations

Branches:
Dungeon (5/15)
 Temple: D:4-7

Altars:
Dithmenos
Fedhas
Wu Jian

Annotations:
D:5 Edmund


Innate Abilities, Weirdness & Mutations

You are too large for most types of armour.
You have claws for hands.
Your natural rate of healing is unusually fast.
You are covered in fur. (AC +1)
You have tough skin. (AC +1)


Message History

There is an open door here.
There is a stone staircase leading down here.
You climb downwards.
You hear the sound of rushing water.
There is an entrance to a sewer on this level.
Hurry and find it before the portal rusts away!
You hear the slow rusting of a drain very nearby.
Found a scroll of identify, a dagger and a shiny orb.
There is a stone staircase leading up here.
Edmund shouts!
The jelly quivers.
The iguana hisses angrily.
You hit Edmund but do no damage. Edmund barely misses you.
The jelly hits you but does no damage. Edmund hits you with a +1 vorpal flail!
The jelly hits you.
You are splashed with acid!
You sock Edmund!
Edmund is lightly wounded.
Edmund closely misses you. The jelly hits you.
You are splashed with acid!
The hound bites you.
You hit Edmund.
Edmund is moderately wounded.
The hound bites you. Edmund hits you with a +1 vorpal flail.
The iguana bites you. The jelly hits you but does no damage.
The scorpion closely misses you. The hound closely misses you.
Edmund barely misses you. The iguana closely misses you.
You bludgeon Edmund!!
Edmund is almost dead.
The hound barely misses you. The scorpion stings you!
The jelly barely misses you. The hound completely misses you.
The scorpion stings you but does no damage.
Edmund hits you with a +1 vorpal flail.
* * * LOW HITPOINT WARNING * * *
x2 The iguana bites you.
* * * LOW HITPOINT WARNING * * *
The jelly hits you.
* * * LOW HITPOINT WARNING * * *
You are splashed with acid!
* * * LOW HITPOINT WARNING * * *
The iguana closely misses you. The hound barely misses you.
Found a stone staircase leading down.
The scorpion stings you!
You die...

. ...#...... ♣.
♣........#
.♣♣.♣♣.......#
........)....
..........#
..?....<.#
.........##
.......Jh@##
.......ls@.#
...........#
............#
...........[..
..............≈
............####
...........##
...>......


You could see Edmund, a scorpion, an iguana, a hound and a jelly.

Vanquished Creatures
  Sigmund (D:4)
  Eustachio (D:4)
  A black bear (D:4)
  3 ogres (D:4)
  A water moccasin skeleton (D:4)
  A howler monkey (D:4)
  An orc priest (D:3)
  2 iguanas (D:4)
  5 gnolls
  10 adders
  2 worms
  A dart slug (D:1)
  7 orcs
  8 ball pythons
  3 bats
  5 endoplasms
  7 giant cockroaches
  8 goblins
  10 hobgoblins
  6 jackals
  10 kobolds
  4 quokkas
  3 frilled lizards
  5 rats
105 creatures vanquished.

Notes
Turn   | Place    | Note
-------+----------+-------------------------------------------
     0 | D:1      | issech the Troll Monk began the quest for the Orb.
     0 | D:1      | Reached XP level 1. HP: 22/22 MP: 0/0
   107 | D:1      | Reached skill level 3 in Maces & Flails
   113 | D:1      | Reached XP level 2. HP: 29/29 MP: 1/1
   367 | D:1      | Reached XP level 3. HP: 30/36 MP: 2/2
   799 | D:1      | Reached XP level 4. HP: 33/44 MP: 3/3
   878 | D:2      | Reached skill level 4 in Maces & Flails
   904 | D:2      | Found a faded altar of an unknown god.
  1816 | D:2      | Reached XP level 5. HP: 47/53 MP: 4/4
  2012 | D:3      | Found a shadowy altar of Dithmenos.
  2689 | D:4      | Noticed an ogre
  2746 | D:4      | Noticed an ogre
  2794 | D:4      | Killed an ogre
  2795 | D:4      | Reached XP level 6. HP: 27/61 MP: 5/5
  2855 | D:4      | Reached skill level 5 in Maces & Flails
  2989 | D:4      | Identified the +3 ring mail "Lesuk" {rC+ rN+ Will+ Int-2}
  3004 | D:4      | Reached XP level 7. HP: 51/67 MP: 6/6
  3076 | D:4      | Found a blossoming altar of Fedhas.
  3104 | D:4      | Found an ornate altar of the Wu Jian Council.
  3128 | D:4      | Reached skill level 6 in Maces & Flails
  3144 | D:4      | Noticed Eustachio
  3161 | D:4      | Killed Eustachio
  3275 | D:4      | Noticed Sigmund
  3537 | D:4      | Killed Sigmund
  3538 | D:4      | Reached XP level 8. HP: 78/78 MP: 7/7
  3826 | D:5      | Entered Level 5 of the Dungeon
  3968 | D:5      | Noticed Edmund
  3977 | D:5      | Slain by a scorpion

Illustrated notes

Levels and vault maps discovered:
D:1:      ebering_trefoil_3fold, layout_basic, amcnicky_mini_pool_small,
          minmay_pentomino_p4
D:2:      layout_basic, ebering_ecumenical_altar_hall
D:3:      layout_basic, lemuel_round_altar
D:4:      minmay_clustersquares, layout_loops_cross,
          nicolae_wu_jian_wuxing_cycle, fedhas_altar_1, minmay_strange_pillars,
          chequers_avenue, amethyst_killhole, grunt_ministairs_14, uniq_sigmund,
          uniq_eustachio
D:5:      layout_cave_pods, gup_sewer_entry_pipe, serial_park,
          serial_park_square3 [serial_park_minivault_5x5_8], serial_park_square1
          [serial_park_minivault_5x5_6], serial_park_tiny_2, serial_park_square3
          [serial_park_minivault_5x5_7], serial_park_tiny_pond, uniq_edmund,
          uniq_ijyb

Skill      XL: |  1  2  3  4  5  6  7 |
---------------+----------------------+-----
Maces & Flails | 3 4 5 6 |  6.8
Dodging        | 3 4 |  4.3
Fighting       | 3 4 |  4.1
Stealth        | |  1.5

Action                   |  1- 3 |  4- 6 |  7- 9 || total
-------------------------+-------+-------+-------++-------
Melee: Flail             |    98 |   146 |       ||   244
       Mace              |     9 |       |       ||     9
       Punch             |     4 |       |       ||     4
       Short sword       |       |     1 |       ||     1
       Giant spiked club |       |    54 |    53 ||   107
       Giant club        |       |    15 |       ||    15
  Use: Scroll            |       |     4 |     3 ||     7
       Potion            |       |       |     1 ||     1
 Stab: Sleeping          |     1 |     1 |     2 ||     4
Armor: Robe              |    36 |    62 |    16 ||   114
Dodge: Dodged            |    77 |   142 |    40 ||   259
